AoeStats
← miguelon01

Arena

508538104Analyzed
4v4 RM · 10d ago on Sep 22, 2026· 39m 10s· 8 players
Game mode
Random Map
Map size
Large (8 player)
Population
200
Speed
Normal
Resources
Standard
Victory
Conquest
Starting age
Dark Age
Ending age
Imperial Age
RankedLock teamsTeams togetherTeam positionsShared explorationLock speedFull tech treeHidden civsTurbo modeCheats
Victory
Defeat
🇨🇳 Slavs · China
1092
+16
🇬🇧 Lithuanians · United Kingdom
1070
+17
🇦🇷 Turks · Argentina
1063
+17
🇦🇷 Celts · Argentina
1048
+18
🇧🇷 Vietnamese · Brazil
1186
-21
🇮🇹 Vikings · Italy
1166
-20
🇦🇷 Persians · Argentina
1086
-17
🇻🇪 Italians · Venezuela
906
-10
christopher.donnelly1
10:47 Feudal Age
14:37 Castle Age
13:44 Horse Collar
14:53 Double-Bit Axe
17:41 Heavy Plow
22:51 Bow Saw
25:12 Wheelbarrow
30:16 Imperial Age
28:08 Hand Cart
27:40 Loom
29:39 Husbandry
29:50 Bloodlines
29:47 Scale Barding Armor
29:52 Forging
30:20 Cavalier
30:55 Treadmill Crane
31:29 Fortified Wall
31:29 Masonry
32:52 Two-Man Saw
32:24 Crop Rotation
32:37 Chain Barding Armor
32:54 Iron Casting
32:47 Conscription
33:29 Paladin
35:26 Plate Barding Armor
36:49 Fletching
37:22 Ballistics
37:34 Architecture
DiegoArmando
13:10 Feudal Age
14:40 Double-Bit Axe
17:21 Castle Age
15:08 Horse Collar
18:00 Town Watch
18:39 Bow Saw
22:48 Imperial Age
23:04 Padded Archer Armor
26:40 Wheelbarrow
29:02 Loom
32:27 Leather Archer Armor
32:29 Hand Cart
35:23 Ring Archer Armor
36:27 Conscription
39:02 Elite Janissary
Vagatela
0:37 Loom
11:54 Feudal Age
12:58 Double-Bit Axe
12:55 Horse Collar
13:07 Gold Mining
13:09 Stone Mining
19:48 Castle Age
18:52 Scale Mail Armor
19:02 Forging
19:17 Arson
19:02 Man-at-Arms
19:52 Pikeman
21:08 Heavy Plow
21:24 Bow Saw
21:39 Heavy Plow
22:41 Gambesons
24:01 Chain Mail Armor
24:44 Long Swordsman
26:56 Gold Shaft Mining
26:56 Stone Shaft Mining
28:10 Wheelbarrow
29:05 Iron Casting
35:50 Imperial Age
36:01 Fortified Wall
36:21 Halberdier
36:24 Two-Handed Swordsman
37:44 Stone Shaft Mining
39:08 Plate Mail Armor
40:06 Blast Furnace
天道
10:40 Feudal Age
14:38 Castle Age
12:48 Double-Bit Axe
13:30 Horse Collar
15:40 Bow Saw
16:27 Heavy Plow
21:06 Loom
22:40 Wheelbarrow
28:50 Imperial Age
26:36 Hand Cart
26:17 Gold Mining
26:18 Stone Mining
28:27 Gold Shaft Mining
27:42 Stone Mining
28:38 Scale Mail Armor
28:49 Forging
28:45 Scale Barding Armor
28:16 Pikeman
28:57 Squires
28:59 Detinets
29:17 Town Watch
30:37 Two-Man Saw
30:05 Conscription
29:46 Druzhina
30:13 Druzhina
31:18 Halberdier
31:24 Elite Boyar
33:17 Chain Mail Armor
33:37 Iron Casting
37:47 Chain Barding Armor
38:03 Iron Casting
37:58 Plate Mail Armor
Tikka Masala
10:55 Feudal Age
14:44 Castle Age
15:49 Double-Bit Axe
15:45 Horse Collar
17:29 Fletching
18:09 Elite Skirmisher
20:44 Light Cavalry
22:31 Bodkin Arrow
23:52 Scale Barding Armor
26:54 Ballistics
29:18 Forging
30:01 Padded Archer Armor
33:36 Loom
34:56 Iron Casting
34:38 Bow Saw
34:19 Gold Mining
34:30 Heavy Plow
36:10 Squires
36:11 Scale Mail Armor
39:41 Imperial Age
LRNI_OcantusErectus
5:17 Loom
11:09 Feudal Age
15:10 Castle Age
14:55 Wheelbarrow
14:45 Horse Collar
14:53 Double-Bit Axe
16:46 Heavy Plow
19:02 Hand Cart
22:41 Bow Saw
22:26 Fletching
22:47 Padded Archer Armor
miguelon01
6:54 Loom
12:21 Feudal Age
12:52 Double-Bit Axe
18:40 Castle Age
16:33 Horse Collar
17:18 Gold Mining
20:05 Wheelbarrow
19:44 Bow Saw
19:59 Stone Mining
23:24 Bloodlines
22:51 Light Cavalry
24:39 Forging
26:07 Scale Barding Armor
28:35 Chain Barding Armor
28:49 Husbandry
29:39 Stone Shaft Mining
30:28 Iron Casting
31:56 Heavy Plow
32:46 Treadmill Crane
33:45 Hand Cart
33:30 Pikeman
34:10 Squires
36:26 Scale Mail Armor
39:09 Imperial Age
1979
10:22 Feudal Age
14:06 Castle Age
13:08 Double-Bit Axe
13:05 Horse Collar
14:56 Bow Saw
21:16 Heavy Plow
22:27 Gold Mining
27:23 Imperial Age
25:20 Scale Barding Armor
25:26 Forging
25:21 Stone Mining
26:09 Gold Shaft Mining
26:39 Chain Barding Armor
27:05 Bloodlines
26:57 Husbandry
27:45 Iron Casting
27:53 Stone Shaft Mining
27:09 Cavalier
27:21 Cavalier
29:10 Two-Man Saw
28:42 Crop Rotation
30:01 Wheelbarrow
29:16 Town Watch
29:03 Savar
30:58 Plate Barding Armor
31:41 Blast Furnace
31:43 Hand Cart
31:29 Town Patrol
31:16 Loom
32:03 Light Cavalry
33:37 Fletching
33:46 Murder Holes
35:06 Chemistry
35:03 Hussar
36:36 Arson
36:55 Scale Mail Armor
36:51 Bodkin Arrow
38:15 Citadels
38:26 Conscription
Connection lost

Rejoining the realm…

Still unreachable

The connection could not be restored.

Session expired

The server has moved on; the page needs a fresh start.